 Dungeon Crawl Stone Soup version 0.30-a0-118-ga018f8e90f (webtiles) character file.

Game seed: 900225885885232767

281382 Flugkiller the Nimble (level 19, -6/148 HPs)
             Began as a Mummy Air Elementalist on Sept 13, 2022.
             Was the Champion of Uskayaw.
             Mangled by a vault warden
             ... wielding a +0 glaive
              (16 damage)
             ... on level 3 of the Vaults.
             The game lasted 01:46:41 (60485 turns).

Flugkiller the Nimble (Mummy Air Elementalist)     Turns: 60485, Time: 01:46:42

Health: -6/148     AC: 18    Str: 12    XL:     19   Next: 70%
Magic:  18/35      EV: 26    Int: 20    God:    Uskayaw [******]
Gold:   2092       SH: 11    Dex: 20    Spells: 18/42 levels left

rFire   . . .      SeeInvis .    a - +8 arc blade {discharge, rElec}
rCold   + . .      Faith    +    O - +0 buckler {AC+3}
rNeg    + + +      Spirit   .    P - +2 robe {rF+}
rPois   ∞          Reflect  +    S - +2 hood of the Assassin {Detection Stab+ Stlth++}
rElec   +          Harm     .    l - +1 cloak
rCorr   .          Rampage  .    m - +2 pair of gloves
Will    ++...                    J - +2 pair of boots
Stlth   +++++.....               W - amulet of reflection
HPRegen 0.34/turn                v - +4 ring of evasion
MPRegen 0.24/turn                n - +6 ring of dexterity

@: about to teleport, marked, frozen, very slow
A: cold resistance 1, negative energy resistance 3, torment resistance 2, heat
vulnerability 1, in touch with death 2, no potions, faith
}: 2/15 runes: decaying, serpentine
a: Renounce Religion, Stomp, Line Pass, Grand Finale


You were on level 3 of the Vaults.
You worshipped Uskayaw.
Uskayaw was aware of your devotion.
You visited 6 branches of the dungeon, and saw 33 of its levels.
You also visited: Ice Cave.

You collected 5157 gold pieces.
You spent 3065 gold pieces at shops.

Inventory:

Hand Weapons
 a - the +8 arc blade (weapon) {discharge, rElec}
   (You bought it in a shop on level 8 of the Dungeon)

   It occasionally unleashes powerful arcs of lightning upon striking a foe.
   These may arc to other adjacent creatures (including the wielder, but dealing
   reduced damage to them) before grounding out.
   rElec:     It insulates you from electricity.
 b - the +10 short sword of Wanaipp {vorpal, rC+}
   (You took it off a spriggan rider on level 3 of the Swamp)

   It inflicts extra damage upon your enemies.
   rC:        It protects you from cold.
Missiles
 q - 6 throwing nets
 A - a curare-tipped dart
Armour
 l - a +1 cloak (worn)
   (You found it on level 1 of the Vaults)
 m - a +2 pair of gloves (worn)
   (You found it on level 5 of the Dungeon)
 r - a +2 robe of willpower
   (You took it off Psyche on level 11 of the Dungeon)
 J - a +2 pair of boots (worn)
   (You found it on level 14 of the Dungeon)
 M - the +0 leather armour of Sharp Salvation {rElec Will+ Str-3 Int+3}
   (You found it on level 15 of the Dungeon)

   Str:       It affects your strength (-3).
   Int:       It affects your intelligence (+3).
   rElec:     It insulates you from electricity.
   Will:      It increases your willpower.
 O - a +0 buckler of protection (worn)
   (You took it off a spriggan on level 3 of the Swamp)
 P - a +2 robe of fire resistance (worn)
   (You took it off an orc sorcerer on level 2 of the Orcish Mines)
 S - the +2 hood of the Assassin (worn) {Detection Stab+ Stlth++}
   (You bought it in a shop on level 1 of the Snake Pit)

   It allows the wearer to sense nearby creatures.
   It allows the wearer to make particularly effective stabbing attacks against
   helpless or unaware enemies with any weapon.
   Stlth:     It makes you much more stealthy.
 T - the +1 robe of Least Resistance {rElec Dex+3}
   (You bought it in a shop on level 1 of the Snake Pit)

   Dex:       It affects your dexterity (+3).
   rElec:     It insulates you from electricity.
Jewellery
 c - a ring of protection from cold
   (You found it on level 2 of the Snake Pit)
 f - a ring of protection from fire
   (You found it on level 1 of the Vaults)
 i - the ring "Bioliaf" {EV+4 Str+3 Int-5 Dex+4 Stlth+}
   (You found it on level 15 of the Dungeon)

   [ring of evasion]

   EV:        It affects your evasion (+4).
   Str:       It affects your strength (+3).
   Int:       It affects your intelligence (-5).
   Dex:       It affects your dexterity (+4).
   Stlth:     It makes you more stealthy.
 j - a +4 ring of slaying
   (You found it on level 15 of the Dungeon)
 k - a ring of wizardry
   (You took it off a tengu warrior on level 15 of the Dungeon)
 n - a +6 ring of dexterity (right hand)
   (You found it on level 8 of the Dungeon)
 p - a ring of protection from fire
   (You found it on level 9 of the Dungeon)
 v - a +4 ring of evasion (left hand)
   (You found it on level 3 of the Snake Pit)
 G - the ring "Akkall" {rN+ Int+4}
   (You found it on level 15 of the Dungeon)

   [ring of positive energy]

   Int:       It affects your intelligence (+4).
   rN:        It protects you from negative energy.
 H - an amulet of magic regeneration
   (You found it on level 11 of the Dungeon)
 L - the ring of Xom's Sleight of Hands {rPois rN+ rCorr Str+2}
   (You found it on level 15 of the Dungeon)

   [ring of poison resistance]

   Str:       It affects your strength (+2).
   rPois:     It protects you from poison.
   rN:        It protects you from negative energy.
   rCorr:     It protects you from acid and corrosion.
 R - an amulet of the acrobat
   (You found it in an ice cave)
 W - an amulet of reflection (around neck)
   (You found it on level 9 of the Dungeon)
Wands
 d - a wand of flame (45)
   (You found it on level 7 of the Dungeon)
 e - a wand of light (18)
   (You found it on level 7 of the Dungeon)
 x - a wand of polymorph (17)
   (You found it on level 9 of the Dungeon)
 B - a wand of paralysis (11)
   (You took it off Harold on level 2 of the Lair of Beasts)
 F - a wand of digging (15)
   (You found it on level 4 of the Lair of Beasts)
 I - a wand of mindburst (11)
   (You found it on level 3 of the Snake Pit)
 Z - a wand of iceblast (32)
   (You found it on level 4 of the Dungeon)
Scrolls
 g - 4 scrolls of magic mapping
 h - 3 scrolls of torment
 o - 2 scrolls of fog
 s - 7 scrolls of amnesia
 t - 6 scrolls of teleportation
 u - 4 scrolls of enchant armour
 y - 2 scrolls of brand weapon
 z - a scroll of blinking
 C - 13 scrolls of fear
 D - 2 scrolls of enchant weapon
 E - 2 scrolls of silence
 Q - 3 scrolls of immolation
 U - a scroll of poison
 V - 2 scrolls of vulnerability
 X - a scroll of summoning
Miscellaneous
 w - a phantom mirror
   (You found it on level 9 of the Dungeon)
 K - a lightning rod (4/4)
   (You found it on level 15 of the Dungeon)
 N - a phial of floods
   (You found it on level 2 of the Vaults)


   Skills:
 + Level 12.8 Fighting
 + Level 11.5 Short Blades
 - Level 5.0 Armour
 - Level 14.0 Dodging
 + Level 3.9 Stealth
 - Level 5.0 Shields
 - Level 12.0 Spellcasting
 - Level 8.0 Conjurations
 - Level 10.0 Necromancy
 - Level 10.0 Air Magic
 - Level 7.0 Earth Magic
 - Level 10.0 Invocations
 - Level 10.0 Evocations


You had 18 spell levels left.
You knew the following spells:

 Your Spells              Type           Power      Damage    Failure   Level
a - Shock                 Conj/Air       100%       1d9       1%          1
b - Static Discharge      Conj/Air       96%        3-9/arc   1%          2
c - Airstrike             Air            25%        2d(4-20)  1%          4
d - Anguish               Hex/Necr       32%        N/A       9%          4
e - Borgnjor's Vile Clut  Necr/Erth      40%        N/A       6%          5
f - Arcjolt               Conj/Air       24%        1d34      4%          5
w - Swiftness             Air            51%        N/A       1%          3

Your spell library contained the following spells:

 Spells                   Type           Power      Damage    Failure   Level
 Magic Dart               Conj           100%       1d8       1%          1
 Sandblast                Erth           80%        2d17      1%          1
 Mephitic Cloud           Conj/Pois/Air  36%        N/A       1%          3
 Stone Arrow              Conj/Erth      84%        3d12      1%          3
 Animate Dead             Necr           86%        N/A       1%          4
 Passwall                 Tmut/Erth      21%        N/A       2%          2
 Dazzling Flash           Conj/Hex       56%        N/A       4%          3
 Iskenderun's Battlesphe  Conj           44%        2d10      8%          5
 Call Imp                 Summ           12%        N/A       11%         2
 Ensorcelled Hibernation  Hex/Ice        24%        N/A       11%         2
 Iskenderun's Mystic Bla  Conj/Tloc      28%        2d7       14%         4
 Leda's Liquefaction      Hex/Erth       13%        N/A       17%         4
 Petrify                  Tmut/Erth      26%        N/A       17%         4
 Freezing Cloud           Conj/Ice/Air   18%        6-21      17%         5
 Death Channel            Necr           43%        N/A       19%         6
 Call Canine Familiar     Summ           12%        N/A       22%         3
 Frozen Ramparts          Ice            24%        1d4       22%         3
 Ignite Poison            Fire/Tmut/Pois 12%        N/A       22%         3
 Inner Flame              Hex/Fire       12%        N/A       22%         3
 Portal Projectile        Hex/Tloc       24%        N/A       22%         3
 Summon Guardian Golem    Hex/Summ       12%        N/A       22%         3
 Irradiate                Conj/Tmut      14%        3d16      36%         5
 Iron Shot                Conj/Erth      21%        9d5       45%         6
 Cause Fear               Hex            6%         N/A       56%         4
 Olgreb's Toxic Radiance  Pois           12%        N/A       56%         4
 Simulacrum               Ice/Necr       32%        N/A       80%         6
 Metabolic Englaciation   Hex/Ice        6%         N/A       89%         5
 Starburst                Conj/Fire      14%        6d6       91%         6
 Orb of Destruction       Conj           22%        9d8       92%         7
 Dispersal                Tloc           6%         N/A       100%        6
 Ozocubu's Refrigeration  Ice            6%         4d8       100%        7
 Spellforged Servitor     Conj/Summ      14%        N/A       100%        7
 Discord                  Hex            6%         N/A       100%        8
 Disjunction              Tloc           6%         N/A       100%        8
 Ignition                 Fire           6%         3d4       100%        8
 Lehudib's Crystal Spear  Conj/Erth      21%        10d6      100%        8
 Polar Vortex             Ice            6%         N/A       100%        9
 Spider Form              Tmut/Pois      Unusable   N/A       N/A         3
 Blade Hands              Tmut           Unusable   N/A       N/A         5
 Statue Form              Tmut/Erth      Unusable   N/A       N/A         6
 Dragon Form              Tmut           Unusable   N/A       N/A         7

Dungeon Overview and Level Annotations

Branches:
Dungeon (15/15) Zot: 21349  Temple (0/1) D:7            Lair (5/5) D:10 Zot: 19716
  Swamp (4/4) Lair:2 Zot: 16985   Snake (4/4) Lair:3 Zot: 14614   Slime (0/5) Lair:5
    Orc (2/2) D:11 Zot: 8993     Elf (0/3) Orc:2        Vaults (3/5) D:14 Zot: 14468
 Depths (0/4) D:15          IceCv (visited)
  Crypt: Vaults:2-3

Altars:
Ashenzari
Gozag
Kikubaaqudgha
Makhleb
Nemelex Xobeh
Qazlal
Ru
Trog
Uskayaw
Vehumet
Wu Jian
Yredelemnul
Jiyva

Shops:
D:4 ?   D:8 (   Orc:1 *   Orc:2 [==?   Snake:1 [[   Snake:4 ==(   Vaults:1 =

Annotations:
D:6 1 runed translucent door, Blork the orc, Crazy Yiuf, Sigmund
D:8 1 runed translucent door, QuickerDeath's ghost, journeyman PaFi
D:15 1 transporter, exclusion: 2 doors
Swamp:1 1 runed translucent door, Tezxun's ghost, adept MiMo
Snake:1 3 runed translucent doors, Apakk's ghost, adept OpNe


Innate Abilities, Weirdness & Mutations

You are immune to poison.
Your flesh is cold resistant. (rC+)
You are immune to negative energy. (rN+++)
You are immune to unholy pain and torment.
You are vulnerable to heat. (rF-)
You are strongly in touch with the powers of death.
You do not drink.
You have a special connection with the divine. (Faith)


Message History

The yaktaur is struck by an arc of lightning.
The yaktaur is heavily wounded.
You resist.
You are struck by an arc of lightning.
The lightning grounds out.
The yaktaur is heavily wounded.
The yaktaur misses you.
You hit the yaktaur.
The yaktaur is severely wounded.
You barely miss the yaktaur.
The yaktaur is severely wounded.
A yaktaur comes into view.
The yaktaur closely misses you.
The yaktaur captain wields a +0 arbalest.
The yaktaur captain shoots a bolt.
You reflect the bolt off an invisible shield around you!
The bolt hits the yaktaur!!
You kill the yaktaur!
The yaktaur hits you but does no damage.
A vault guard comes into view. It is wielding a +0 great mace.
The yaktaur captain unwields a +0 arbalest.
The yaktaur captain hits you.
Things that are here:
a +0 arbalest; 21 gold pieces; a yaktaur corpse You hit the yaktaur captain.
The arc blade crackles.
The yaktaur captain is struck by an arc of lightning!!
The yaktaur captain is moderately wounded.
The yaktaur is struck by an arc of lightning!!
The yaktaur is heavily wounded.
You resist.
You are struck by an arc of lightning.
The yaktaur is struck by an arc of lightning!
The yaktaur is severely wounded.
The yaktaur captain is struck by an arc of lightning!
The yaktaur captain is moderately wounded.
The yaktaur is struck by an arc of lightning.
The yaktaur is almost dead.
The yaktaur is struck by an arc of lightning!
The yaktaur is heavily wounded.
The yaktaur is struck by an arc of lightning!
You kill the yaktaur!
The yaktaur captain is struck by an arc of lightning!!
The yaktaur captain is severely wounded.
You resist.
You are struck by an arc of lightning.
The lightning grounds out.
The yaktaur captain is severely wounded.
The yaktaur wields a +0 arbalest.
The yaktaur shoots a bolt.
The bolt hits you!
You can now merge with and destroy a victim.
You puncture the yaktaur captain!
The yaktaur captain is almost dead.
The yaktaur captain hits you.
You hit the yaktaur captain but do no damage.
The yaktaur captain is almost dead.
A vault warden comes into view. It is wielding a +0 glaive.
The yaktaur shoots a bolt.
You reflect the bolt off an invisible shield around you!
The bolt hits the yaktaur!
The yaktaur captain completely misses you.
You puncture the yaktaur captain!
You kill the yaktaur captain!
The vault warden activates a sealing rune.
A door slams shut!
You barely miss the yaktaur.
The yaktaur is severely wounded.
You hit the yaktaur.
The yaktaur is almost dead.
A vault guard comes into view.
It is wielding a +0 great mace of holy wrath.
The yaktaur unwields a +0 arbalest.
The yaktaur completely misses you.
You hit the yaktaur.
The yaktaur is almost dead.
You puncture the yaktaur!
You kill the yaktaur!
The vault guard barely misses you.
Things that are here:
a +0 arbalest; a +0 arbalest; a yaktaur corpse You hit the vault guard.
The vault guard is lightly wounded.
The vault guard closely misses you.
An ironbound frostheart comes into view.
The vault warden hits you from afar with a +0 glaive!!
* * * LOW HITPOINT WARNING * * *
You hit the vault guard.
The arc blade crackles.
The vault guard is struck by an arc of lightning!
The vault guard is moderately wounded.
You resist.
You are struck by an arc of lightning.
* * * LOW HITPOINT WARNING * * *
The vault guard is struck by an arc of lightning!!
The vault guard is severely wounded.
You resist.
You are struck by an arc of lightning.
* * * LOW HITPOINT WARNING * * *
The lightning grounds out.
The vault guard is severely wounded.
The vault guard closely misses you. The vault warden completely misses you.
The vault guard attacks as you move away!
The vault guard misses you.
You see here a +0 arbalest.
As you read the scroll of teleportation, it crumbles to dust.
You feel strangely unstable.
The ironbound frostheart calls freezing cold from the walls.
The frost grips you!! You partially resist.
* * * LOW HITPOINT WARNING * * *
You are encased in ice.
The vault warden hits you from afar with a +0 glaive!
You die...

##'########
#######)#######
#....#...#....#
#p..#.....#...#
#p{####+####..#
#.###.....###.#
##p#.#...#{#.##
##)[#..#.#
#..## #..@+)..#
+...#
##..#).#.#
#..##
##.#.#...# #.##
.###.....###.#
#. ##'####..#
#. .. #.<.# #.
.#....# ##
#######


You could see a vault warden, a vault guard and an ironbound frostheart.

Vanquished Creatures
  Vashnia (Snake:4)
  the Lernaean hydra (Swamp:4)
  A tentacled monstrosity (Swamp:4)
  A tengu reaver (Vaults:2)
  A sphinx (shapeshifter) (D:15)
  Kirke (Lair:4)
  Gastronok (Orc:1)
  A fenstrider witch (Swamp:1)
  A deep elf sorcerer (Vaults:2)
  8 nagarajas
  5 vault wardens
  Louise (Snake:1)
  An orc warlord (Vaults:3)
  Aizul (Snake:1)
  3 ghouls (Swamp:4)
  5 very ugly things
  6 ironbound preservers
  2 stone giants
  3 eleionomae
  5 ironbound thunderhulks
  Azrael (D:15)
  An entropy weaver (Vaults:1)
  Nessos (D:15)
  3 bunyips
  A dire elephant (Vaults:1)
  9 yaktaur captains
  2 great orbs of eyes
  Josephine (Orc:1)
  A fire dragon (Lair:5)
  3 ettins (D:15)
  16 hydras
  Harold (Lair:2)
  20 vault guards
  A rakshasa (D:15)
  2 ironbound frosthearts (Vaults:1)
  A caustic shrike simulacrum (IceCv)
  16 centaur warriors
  Erolcha (Orc:1)
  A catoblepas (D:15)
  5 boulder beetles
  A ghost crab (Swamp:4)
  6 alligators
  5 ogre magi
  17 two-headed ogres
  16 anacondas
  A spriggan berserker (Swamp:1)
  7 death yaks
  Urug (Orc:1)
  6 tengu warriors (D:15)
  12 naga sharpshooters
  11 naga warriors
  Nergalle (Orc:1)
  19 spriggans
  7 shock serpents
  12 salamander mystics
  12 skeletal warriors
  2 goliath frogs (Swamp:3)
  3 spriggan druids
  20 deep trolls
  5 naga ritualists
  2 orange crystal statues (IceCv)
  11 bog bodies (Swamp:4)
  2 glowing orange brains
  2 wizards
  11 swamp dragons
  6 ironbound convokers
  5 harpies (Vaults:1)
  8 lindwurms
  3 deep elf pyromancers (D:15)
  6 orc knights
  14 ugly things
  11 cyclopes
  2 orc sorcerers
  13 salamanders
  A phantasmal warrior (Vaults:3)
  8 mana vipers
  17 slime creatures
  2 will-o-the-wisps
  Maurice (Orc:1)
  4 manticores
  5 elephants (Lair:3)
  9 guardian serpents
  7 vault sentinels
  34 black mambas
  11 naga magi
  2 gargoyles
  9 cane toads
  23 yaktaurs
  4 freezing wraiths
  6 rime drakes
  An efreet (D:15)
  Psyche (D:11)
  An anaconda simulacrum (IceCv)
  8 komodo dragons
  4 golden dragon simulacra (IceCv)
  A tengu conjurer (D:15)
  8 trolls
  17 hornets
  A polar bear (Lair:5)
  6 blink frogs
  4 tyrant leeches
  5 dream sheep (Lair:5)
  7 wraiths
  44 yaks
  A fire elemental (D:15)
  A dire elephant simulacrum (IceCv)
  6 wyverns
  3 hogs (Lair:4)
  7 basilisks
  2 steam dragons
  16 vampire mosquitoes
  2 redbacks (Vaults:1)
  12 swamp worms
  5 wargs
  A harpy simulacrum (IceCv)
  A swamp worm (shapeshifter) (D:14)
  3 hell hounds (D:15)
  37 nagas
  18 water moccasins
  A hydra simulacrum (IceCv)
  4 acid dragons
  4 floating eyes (D:15)
  10 swamp drakes
  2 black bears
  A meliai simulacrum (D:14)
  9 orc warriors
  A sky beast (D:6)
  A black bear (shapeshifter) (D:15)
  3 alligator simulacra (IceCv)
  2 ettin simulacra (IceCv)
  4 ice beasts
  21 ogres
  4 boggarts
  23 wolves
  3 centaurs
  2 phantoms
  A kobold brigand (D:9)
  A necrophage (D:6)
  12 bullfrogs
  2 gnoll sergeants
  3 scorpions
  7 wights
  3 lindwurm simulacra (IceCv)
  7 killer bees
  4 howler monkeys
  2 gnoll boudas
  2 hounds
  13 orc priests
  5 iguanas
  20 orc wizards
  6 hell rats (Lair:3)
  2 human simulacra (D:9)
  12 adders
  15 gnolls
  A shadow imp (D:8)
  A white imp (D:7)
  An ufetubus (D:6)
  A worm (D:4)
  A dart slug (D:1)
  64 orcs
  2 ball pythons
  9 bats
  2 bat zombies (D:8)
  7 endoplasms
  4 giant cockroaches
  6 goblins
  5 hobgoblins
  6 jackals (D:1)
  8 quokkas
  3 frilled lizards
  11 kobolds
  7 rats
  2 rat zombies (D:8)
1115 creatures vanquished.

Vanquished Creatures (collateral kills)
  Asterion (Snake:2)
1 creature vanquished.

Vanquished Creatures (others)
  A naga sharpshooter (Snake:4)
  A salamander (Snake:1)
  A black mamba (Snake:4)
  A tengu conjurer (D:15)
  2 bloated husks
  A bush (Lair:5)
  4 foxfires (Swamp:4)
  46 fungi
  59 plants
116 creatures vanquished.

Grand Total: 1232 creatures vanquished

Notes
Turn   | Place    | Note
-------+----------+-------------------------------------------
     0 | D:1      | Flugkiller the Mummy Air Elementalist began the quest for
                  | the Orb.
     0 | D:1      | Reached XP level 1. HP: 13/13 MP: 4/4
   147 | D:1      | Reached skill level 1 in Conjurations
   363 | D:1      | Reached XP level 2. HP: 16/19 MP: 3/6
   940 | D:1      | Found a faded altar of an unknown god.
   945 | D:1      | Got Plato's Monograph on Stones
  1172 | D:1      | Gained mutation: You are in touch with the powers of death.
                  | [Mummy growth]
  1172 | D:1      | Reached XP level 3. HP: 24/24 MP: 5/8
  1699 | D:2      | Identified the +1 short sword "Earthworm" {flame, +Blink
                  | rF+ Will+}
  1736 | D:2      | Reached XP level 4. HP: 30/30 MP: 5/10
  2207 | D:2      | Learned a level 2 spell: Static Discharge
  2794 | D:3      | Reached XP level 5. HP: 30/35 MP: 6/11
  3453 | D:4      | Noticed a water moccasin
  3462 | D:4      | Killed a water moccasin
  3463 | D:4      | Reached XP level 6. HP: 35/41 MP: 5/12
  3715 | D:4      | Reached skill level 5 in Air Magic
  3794 | D:4      | Reached skill level 1 in Fighting
  3924 | D:4      | Reached skill level 1 in Evocations
  3954 | D:4      | Found a sacrificial altar of Ru.
  4016 | D:4      | Found Dothrakk's Magic Scroll Shoppe.
  4059 | D:4      | Reached XP level 7. HP: 38/49 MP: 2/13
  4554 | D:5      | Entered Level 5 of the Dungeon
  5001 | D:5      | Learned a level 3 spell: Swiftness
  5403 | D:5      | Found a sparkling altar of Nemelex Xobeh.
  5472 | D:5      | Reached skill level 5 in Spellcasting
  5713 | D:5      | Reached XP level 8. HP: 42/56 MP: 7/17
  6591 | D:6      | Learned a level 4 spell: Airstrike
  7272 | D:6      | Found a runed translucent door.
  7273 | D:6      | Noticed Crazy Yiuf
  7335 | D:6      | Noticed Blork the orc
  7398 | D:6      | Reached XP level 9. HP: 51/61 MP: 12/20
  7401 | D:6      | HP: 3/61 [/static electricity (2)]
  7725 | D:6      | You fall into a shaft and drop 3 floors!
  7736 | D:8      | Found an opulent altar of Gozag.
  7736 | D:8      | Found a hide-covered altar of Uskayaw.
  7739 | D:8      | Found a basalt altar of Yredelemnul.
  7746 | D:8      | Became a worshipper of Uskayaw the Reveller
  7784 | D:9      | Reached * piety under Uskayaw
  7812 | D:9      | Reached ** piety under Uskayaw
  7816 | D:9      | Reached *** piety under Uskayaw
  8122 | D:8      | Reached **** piety under Uskayaw
  8124 | D:8      | Reached skill level 5 in Conjurations
  8124 | D:8      | Reached skill level 1 in Invocations
  8134 | D:8      | Found Jecvofuech's Weapon Shoppe.
  8521 | D:6      | Noticed Sigmund
  9043 | D:7      | Reached ***** piety under Uskayaw
  9048 | D:7      | Reached ****** piety under Uskayaw
  9531 | D:7      | Reached XP level 10. HP: 49/67 MP: 5/22
  9795 | D:7      | Identified a scroll of acquirement
  9801 | D:7      | Found a stormy altar of Qazlal.
  9910 | D:7      | Found a staircase to the Ecumenical Temple.
 10088 | D:7      | Acquired 862 gold pieces
 10156 | D:8      | Bought the +8 arc blade {discharge, rElec} for 720 gold
                  | pieces
 10156 | D:8      | Found the +8 arc blade {discharge, rElec}
 10240 | D:8      | Reached skill level 1 in Short Blades
 10387 | D:8      | Found a burning altar of Makhleb.
 10455 | D:8      | Found a runed translucent door.
 10456 | D:8      | Noticed QuickerDeath's ghost (journeyman PaFi)
 10458 | D:8      | Identified the +7 trident of Brutal Revenge {vorpal, rN+}
 10567 | D:8      | Reached skill level 2 in Dodging
 10623 | D:8      | Found an ancient bone altar of Kikubaaqudgha.
 11077 | D:9      | Found an ornate altar of the Wu Jian Council.
 11199 | D:9      | Found a broken altar of Ashenzari.
 11250 | D:9      | Found a bloodstained altar of Trog.
 12057 | D:10     | Entered Level 10 of the Dungeon
 12253 | D:10     | Noticed a gargoyle
 12401 | D:10     | Got the Writings on Firn and the Boulder
 12615 | D:10     | Reached skill level 3 in Dodging
 12644 | D:10     | Killed a gargoyle
 12900 | D:10     | Found a staircase to the Lair.
 12988 | D:10     | Noticed a cyclops
 12993 | D:10     | Killed a cyclops
 12994 | D:10     | Reached XP level 11. HP: 68/77 MP: 5/23
 13696 | D:11     | Noticed Psyche
 13714 | D:11     | Killed Psyche
 13899 | D:11     | Reached skill level 5 in Short Blades
 13960 | D:11     | Noticed a boulder beetle
 13990 | Lair:1   | Entered Level 1 of the Lair of Beasts
 14138 | Lair:1   | Reached skill level 4 in Dodging
 14247 | Lair:1   | Reached skill level 5 in Fighting
 14249 | Lair:1   | Reached skill level 10 in Air Magic
 15398 | Lair:2   | Noticed Harold
 15708 | Lair:2   | Noticed a lindwurm
 15721 | Lair:2   | Killed a lindwurm
 15790 | Lair:2   | Noticed a lindwurm
 15793 | Lair:2   | Killed a lindwurm
 15909 | Lair:2   | Noticed a lindwurm
 15922 | Lair:2   | Killed a lindwurm
 15923 | Lair:2   | Reached skill level 5 in Dodging
 16099 | Lair:2   | Killed Harold
 16390 | Lair:2   | Found a staircase to the Swamp.
 16966 | Lair:3   | Reached XP level 12. HP: 73/89 MP: 19/24
 17400 | Lair:3   | Found a staircase to the Snake Pit.
 17626 | Lair:3   | Reached skill level 6 in Dodging
 17833 | Lair:3   | Reached skill level 7 in Dodging
 18909 | Lair:4   | Noticed Kirke
 18923 | Lair:4   | Killed Kirke
 19159 | Lair:4   | Reached skill level 8 in Dodging
 19345 | Lair:4   | Noticed a death yak
 19347 | Lair:4   | Noticed a death yak
 19868 | Lair:4   | Killed a death yak
 19869 | Lair:4   | Gained mutation: You are strongly in touch with the powers
                  | of death. [Mummy growth]
 19869 | Lair:4   | Reached XP level 13. HP: 96/96 MP: 22/25
 19870 | Lair:4   | Reached skill level 5 in Invocations
 20212 | Lair:5   | Entered Level 5 of the Lair of Beasts
 20285 | Lair:5   | Reached skill level 5 in Evocations
 21101 | Lair:5   | Reached skill level 9 in Dodging
 21391 | Lair:5   | Acquired a book of Power
 21399 | Lair:5   | Learned a level 5 spell: Arcjolt
 21954 | Lair:5   | Found a viscous altar of Jiyva.
 21954 | Lair:5   | Found a staircase to the Slime Pits.
 23001 | Lair:5   | Noticed a fire dragon
 23008 | Lair:5   | Killed a fire dragon
 23902 | D:11     | Found a staircase to the Orcish Mines.
 24438 | D:12     | Reached skill level 10 in Spellcasting
 24849 | D:12     | Reached XP level 14. HP: 85/103 MP: 11/28
 26802 | D:14     | Found a gate to the Vaults.
 28026 | D:14     | Reached skill level 10 in Short Blades
 28164 | D:14     | Reached skill level 1 in Armour
 28164 | D:14     | Reached skill level 1 in Shields
 29282 | D:15     | Entered Level 15 of the Dungeon
 29428 | D:15     | Found a radiant altar of Vehumet.
 29724 | D:15     | Identified the ring "Akkall" {rN+ Int+4}
 29937 | D:15     | Noticed Nessos
 29943 | D:15     | Killed Nessos
 30272 | D:15     | Found a sparkling altar of Nemelex Xobeh.
 30321 | D:15     | Identified the ring of Xom's Sleight of Hands {rPois rN+
                  | rCorr Str+2}
 30604 | D:15     | Paralysed by a floating eye for 3 turns
 30809 | D:15     | Reached XP level 15. HP: 80/108 MP: 29/29
 30996 | D:15     | Noticed Azrael
 31000 | D:15     | Killed Azrael
 31016 | D:15     | Identified the ring "Bioliaf" {EV+4 Str+3 Int-5 Dex+4
                  | Stlth+}
 31515 | D:15     | Reached skill level 10 in Dodging
 31695 | D:15     | Found a transporter.
 31856 | D:15     | Found a staircase to the Depths.
 32162 | D:15     | Found a transporter.
 32936 | D:15     | Identified the +0 leather armour of Sharp Salvation {rElec
                  | Will+ Str-3 Int+3}
 33183 | D:15     | Reached skill level 5 in Armour
 33185 | D:15     | Reached skill level 5 in Shields
 33277 | D:15     | Noticed a sphinx
 33283 | D:15     | Killed a sphinx
 33528 | Orc:1    | Entered Level 1 of the Orcish Mines
 33528 | Orc:1    | Noticed Josephine
 33529 | Orc:1    | Noticed Maurice
 33538 | Orc:1    | Killed Josephine
 33540 | Orc:1    | Noticed Erolcha
 33756 | Orc:1    | Noticed Gastronok
 33880 | Orc:1    | Killed Erolcha
 33881 | Orc:1    | Killed Maurice
 33889 | Orc:1    | Killed Gastronok
 33904 | Orc:1    | Noticed Nergalle
 33914 | Orc:1    | Killed Nergalle
 33917 | Orc:1    | Noticed Urug
 33923 | Orc:1    | Killed Urug
 33937 | Orc:1    | Found Ceusmuj's General Store.
 33953 | Orc:1    | Bought a scroll of teleportation for 45 gold pieces
 34172 | Orc:2    | Entered Level 2 of the Orcish Mines
 34559 | Orc:2    | Found a staircase to the Elven Halls.
 34623 | Orc:2    | Found Xowk's Jewellery Shop.
 34626 | Orc:2    | Found Ipnukou's Magic Scroll Shoppe.
 34626 | Orc:2    | Found Weir's Jewellery Shop.
 34626 | Orc:2    | Found Ranodduo's Antique Armour Emporium.
 34633 | Orc:2    | Reached skill level 11 in Dodging
 36351 | Orc:2    | Reached XP level 16. HP: 85/115 MP: 6/30
 36733 | Orc:2    | Bought a scroll of fear for 60 gold pieces
 36733 | Orc:2    | Bought a scroll of teleportation for 45 gold pieces
 36733 | Orc:2    | Bought a scroll of blinking for 112 gold pieces
 36733 | Orc:2    | Bought a scroll of blinking for 112 gold pieces
 37061 | D:9      | Learned a level 4 spell: Anguish
 37061 | D:9      | Upgraded the game from 0.29.1-debian-1-gc3f1650bb9 to
                  | 0.30-a0-118-ga018f8e90f
 37150 | Snake:1  | Entered Level 1 of the Snake Pit
 37150 | Snake:1  | Found a runed translucent gate.
 37150 | Snake:1  | Found a runed translucent gate.
 37150 | Snake:1  | Found a runed translucent gate.
 37153 | Snake:1  | Noticed Apakk's ghost (adept OpNe)
 37158 | Snake:1  | Noticed Aizul
 37171 | Snake:1  | Killed Aizul
 37172 | Snake:1  | Reached skill level 1 in Necromancy
 37172 | Snake:1  | Reached skill level 10 in Evocations
 37488 | Snake:1  | Found a frozen archway.
 37684 | IceCv    | Entered an ice cave
 39426 | IceCv    | Reached skill level 5 in Necromancy
 40127 | Snake:1  | Found Bozeigh's Antique Armour Boutique.
 40127 | Snake:1  | Found Seuch's Armour Shop.
 40145 | Snake:1  | Bought the +2 hood of the Assassin {Detection Stab+
                  | Stlth++} for 1800 gold pieces
 40145 | Snake:1  | Found the +2 hood of the Assassin {Detection Stab+ Stlth++}
 40145 | Snake:1  | Bought a shimmering robe for 171 gold pieces
 40145 | Snake:1  | Identified the +1 robe of Least Resistance {rElec Dex+3}
                  | (You bought it in a shop on level 1 of the Snake Pit)
 41522 | Snake:1  | Noticed Louise
 41540 | Snake:1  | Killed Louise
 42820 | Snake:2  | Learned a level 5 spell: Borgnjor's Vile Clutch
 42865 | Snake:1  | Reached skill level 1 in Earth Magic
 43419 | Snake:2  | Reached skill level 10 in Necromancy
 44430 | Snake:3  | Reached XP level 17. HP: 74/120 MP: 32/32
 44613 | Snake:3  | Noticed Asterion
 44637 | Snake:2  | Killed Asterion
 45864 | Snake:4  | Entered Level 4 of the Snake Pit
 45894 | Snake:4  | Reached skill level 5 in Earth Magic
 46372 | Snake:4  | Found Siefirpha's Weapon Boutique.
 46375 | Snake:4  | Found Qoroos's Jewellery Shop.
 46378 | Snake:4  | Found Ziramu's Jewellery Boutique.
 46394 | Snake:4  | Identified the +7 flail of Pain and Death {vorpal, Fragile
                  | rC+ Dex+2 Stlth+}
 48006 | Snake:4  | Noticed Vashnia
 48292 | Snake:4  | Killed Vashnia
 48500 | Snake:4  | Got a serpentine rune of Zot
 48892 | Swamp:1  | Entered Level 1 of the Swamp
 49379 | Swamp:1  | Reached skill level 12 in Dodging
 49791 | Swamp:1  | Found a runed translucent door.
 50123 | Swamp:1  | Noticed Tezxun's ghost (adept MiMo)
 50925 | Swamp:2  | Reached XP level 18. HP: 87/133 MP: 25/34
 52107 | Swamp:3  | Reached skill level 10 in Fighting
 52452 | Swamp:3  | Identified the +10 short sword of Wanaipp {vorpal, rC+}
 53347 | Swamp:4  | Entered Level 4 of the Swamp
 53795 | Swamp:4  | Reached skill level 13 in Dodging
 54108 | Swamp:4  | Noticed the 27-headed Lernaean hydra
 54123 | Swamp:4  | Killed the 27-headed Lernaean hydra
 54753 | Swamp:4  | Noticed a tentacled monstrosity
 54783 | Swamp:4  | Killed a tentacled monstrosity
 55274 | Swamp:4  | Got a decaying rune of Zot
 55386 | Swamp:4  | Reached skill level 14 in Dodging
 56096 | Vaults:1 | Entered Level 1 of the Vaults
 57062 | Vaults:1 | Reached XP level 19. HP: 125/143 MP: 13/35
 57175 | Vaults:1 | Reached skill level 10 in Invocations
 58313 | Vaults:1 | Found Capiyxor's Jewellery Shop.
 58779 | Vaults:2 | ffs
 60485 | Vaults:3 | Mangled by a vault warden

Illustrated notes

#......#
#.<....#
#......#
####'######
#...........
#...........
#..####.####
#..# ...
#.@# ...
#..# ..#
#... ...
#..#. #..#..
#^.# .. #..#
##. #... ..


Turn 58779 on Vaults:2: ffs

Levels and vault maps discovered:
D:1:      matt_arrival_los_fun, layout_loops_ring,
          shapermc_ecumenical_altar_rom_forum
D:2:      layout_rooms
D:3:      layout_basic, mainiacjoe_overflow_tiny_flanked, serial_glass,
          glass_columns_c, glass_columns_a, minmay_misc_feat_diagonals,
          st_stairs_10
D:4:      layout_cave_pods, hangedman_ru_absence, serial_shops,
          nicolae_shop_waterfront
D:5:      layout_cave_pools, mainiacjoe_overflow_alcove_4,
          mainiacjoe_overflow_brackets, chequers_garden, nrook_mini_backslash
D:6:      layout_loops_ring, uniq_blork_the_orc, uniq_sigmund,
          uniq_crazy_yiuf_cottage
D:7:      layout_cave_pods, mainiacjoe_overflow_concentric_impassable,
          temple_doors_e
D:8:      layout_basic, lemuel_zombie_altar_kikubaaqudgha,
          mainiacjoe_overflow_cross_hatched, nicolae_overflow_hidden_temple,
          serial_shops, nicolae_shop_hallway_plus, ebering_ghost_funeral_grove
D:9:      layout_basic, mainiacjoe_overflow_24_doors,
          cheibrodos_ashenzari_chains, lightli_temple_of_fire, bh_circular_ruins
D:10:     layout_rooms, erik_lair_orcish_takeover
D:11:     layout_basic, minmay_orc_entry_temple_small, hangedman_decor_opposing,
          uniq_psyche
D:12:     layout_irregular_city
D:13:     layout_loops_corners
D:14:     layout_long_grid, erik_vaults_2, minmay_crystal_water
D:15:     hangedman_spin_cycle, uniq_nessos, uniq_azrael
Lair:1:   layout_cave_pods, minivault_27
Lair:2:   layout_small_grid, swamp_mist_pool, nicolae_lair_lindhole,
          infiniplex_staircase_pool, uniq_harold
Lair:3:   layout_regular_city, minmay_snake_entry_guardpost_small,
          serial_bayou_shore_a, grunt_megastairs_5, infiniplex_staircase_pool_2,
          lemuel_fruit_tree
Lair:4:   layout_cellular_growth, beast_lair_carwin_5, uniq_kirke
Lair:5:   guppyfry_lair_end_dragon, layout_cave_pods, slime_entry_1,
          nzn_sisyphean_effort
Swamp:1:  layout_basic_swamp, ebering_ghost_reflecting_pool,
          nicolae_swamp_trees_clearing, swamp_pool1
Swamp:2:  layout_basic_swamp, hangedman_swamp_blocks
Swamp:3:  layout_basic_swamp, nicolae_swamp_very_dense_foliage, swamp_pool3
Swamp:4:  grunt_swamp_rune_castle, layout_basic_swamp, swamp_pool3,
          water_boxes_lemuel
Snake:1:  layout_onion, gammafunk_ghost_necromancy,
          portal_ice_cave_entry_pillars_2, nicolae_snake_salamander_stairs,
          minmay_shoptagon, grunt_megastairs_4, uniq_louise, uniq_aizul
Snake:2:  layout_rooms, nicolae_snake_magic_snake_eye
Snake:3:  layout_onion, nicolae_snake_lava_pool, uniq_asterion
Snake:4:  grunt_snake_rune_serpentine_throne, layout_cave_shapes,
          minmay_shop_star
Orc:1:    layout_caves, serial_shops, shop, uniq_urug, uniq_josephine,
          uniq_maurice, uniq_erolcha, uniq_nergalle, uniq_gastronok
Orc:2:    st_orc_ogre_mass, layout_diamond_mine, basic_altar,
          lightli_orcish_oven
Vaults:1: hangedman_vaults_corner_blocks, vaults_room_stairs_pillars,
          vaults_mumra_lcd, v_rooms_5, nicolae_vaults_little_squares_6,
          grunt_vaults_hallway_short, vaults_mumra_hexcomb, v_misc_18,
          vaults_room_guarded_vault, v_pattern_2, v_misc_17,
          layout_vaults_omnibox, serial_shops, shop_fountains
Vaults:2: nicolae_vaults_network_barrier, vaults_room_grunt_arrival_checkpoint,
          hangedman_vaults_stitches, vaults_dpeg_encased_lava,
          vaults_room_hallway, hangedman_vaults_unwind,
          grunt_vaults_hallway_short, v_alt_pattern_4, v_misc_33,
          ontoclasm_vaults_idyll, st_lines, nicolae_vaults_alarming,
          vaults_dpeg_ring, layout_vaults_omnicross
Vaults:3: v_pattern_4, ontoclasm_vaults_idyll, nicolae_vaults_triangles,
          v_misc_31, vaults_standard_mumra_lines,
          vaults_room_hangedman_quadrants, grunt_vaults_funnel,
          layout_vaults_omnigrid, minmay_crypt_entry_simple_box

Skill      XL: |  1  2  3  4  5  6  7  8  9 10 11 12 13 14 15 16 17 18 19 |
---------------+----------------------------------------------------------+-----
Spellcasting   | 3 4 6 7 8 10 11 12 | 12.0
Conjurations   | 1 2 3 4 5 7 8 |  8.0
Air Magic      | 3 4 5 7 8 9 10 | 10.0
Fighting       | 1 2 4 6 7 9 11 12 | 12.8
Evocations     | 1 2 3 4 6 9 10 | 10.0
Invocations    | 3 4 7 9 10 | 10.0
Short Blades   | 4 7 8 10 11 | 11.5
Dodging        | 3 5 8 9 11 12 14 | 14.0
Armour         | 3 5 |  5.0
Shields        | 3 5 |  5.0
Necromancy     | 10 | 10.0
Earth Magic    | 3 7 |  7.0
Stealth        | 3 |  3.9

Action                   |  1- 3 |  4- 6 |  7- 9 | 10-12 | 13-15 | 16-18 | 19-21 || total
-------------------------+-------+-------+-------+-------+-------+-------+-------++-------
Melee: Unarmed           |    20 |       |       |       |       |       |       ||    20
       Dagger            |    34 |       |       |       |       |       |       ||    34
       Short sword       |     2 |    32 |    29 |     7 |       |       |       ||    70
       Punch             |       |     1 |       |     3 |     1 |       |       ||     5
       Rapier            |       |       |       |   192 |   644 |   824 |   191 ||  1851
 Cast: Shock             |    83 |   119 |   198 |   244 |    52 |    13 |       ||   709
       Static Discharge  |       |    12 |    73 |    55 |     5 |       |       ||   145
       Airstrike         |       |       |     9 |    79 |   118 |   212 |     3 ||   421
       Arcjolt           |       |       |       |       |    41 |    48 |    16 ||   105
       Swiftness         |       |       |       |       |     4 |     4 |       ||     8
       Anguish           |       |       |       |       |       |    22 |     1 ||    23
       Borgnjor's Vile C |       |       |       |       |       |    83 |    10 ||    93
Invok: Line Pass         |       |       |       |       |     1 |       |       ||     1
       Grand Finale      |       |       |       |       |       |     1 |     1 ||     2
Evoke: Wand              |       |     1 |       |     2 |    19 |    43 |     1 ||    66
       Phantom mirror    |       |       |       |     1 |     1 |     1 |       ||     3
  Use: Scroll            |     1 |     2 |     7 |    10 |    12 |    14 |     1 ||    47
 Stab: Paralysed         |       |       |     1 |    19 |    68 |    70 |    22 ||   180
       Sleeping          |       |       |       |       |     4 |    12 |     2 ||    18
       Petrified         |       |       |       |       |     4 |       |       ||     4
       Invisible         |       |       |       |       |     2 |     3 |       ||     5
       Distracted        |       |       |       |       |     1 |     2 |       ||     3
       Confused          |       |       |       |       |       |     1 |       ||     1
Armor: Robe              |    17 |     9 |    20 |    25 |    79 |   167 |    23 ||   340
Dodge: Dodged            |    55 |    36 |    58 |   127 |   355 |   679 |   126 ||  1436
Block: Other             |       |       |       |    38 |    48 |       |       ||    86
       Reflection        |       |       |       |     3 |     7 |    56 |    14 ||    80
       Buckler           |       |       |       |       |   148 |   530 |    83 ||   761

Table legend: (Time is in decaauts)
 A = Elapsed time spent in this place.
 B = Non-inter-level travel time spent in this place.
 C = Inter-level travel time spent in this place.
 D = Time resting spent in this place.
 E = Time spent auto-exploring this place.
 F = Levels seen in this place.
 G = Mean time per level.
                   A        B        C        D        E       F      G
               +--------+--------+--------+--------+--------+-----+--------+
         Total |  60441 |  57815 |   2626 |  31038 |  17796 |  34 | 1777.7 |
       Dungeon |  25186 |  23813 |   1373 |  12504 |   7617 |  15 | 1679.1 |
          Lair |  10283 |   9620 |    663 |   4796 |   3739 |   5 | 2056.6 |
         Swamp |   7014 |   6758 |    256 |   3519 |   2142 |   4 | 1753.5 |
     Snake Pit |   9385 |   9186 |    199 |   5562 |   2026 |   4 | 2346.2 |
  Orcish Mines |   3006 |   2942 |     64 |   1655 |    814 |   2 | 1503.0 |
        Vaults |   3530 |   3461 |     69 |   1267 |   1457 |   3 | 1176.7 |
      Ice Cave |   2034 |   2034 |      0 |   1734 |      0 |   1 | 2034.0 |
               +--------+--------+--------+--------+--------+-----+--------+

Top non-repeatable levels by time:
    D:15: 3952 daAuts
 Snake:1: 3013 daAuts
  Lair:5: 3011 daAuts
 Snake:3: 2609 daAuts
    D:14: 2321 daAuts
  Lair:3: 2262 daAuts
    D:13: 2211 daAuts
     D:4: 2186 daAuts
 Swamp:4: 2186 daAuts
 Swamp:3: 2164 daAuts
 Snake:2: 2127 daAuts
   IceCv: 2034 daAuts
   Orc:2: 1994 daAuts
  Lair:2: 1973 daAuts
Vaults:1: 1877 daAuts
